 Dungeon Crawl Stone Soup version 0.28.0-43-g3370ac3207 (webtiles) character file.

Game seed: 9794615956032418696

2069 RepoMan the Geomancer (level 9, -3/73 HPs)
             Began as a Naga Earth Elementalist on Mar 9, 2022.
             Was a Follower of Wu Jian.
             Slain by a yak (10 damage)
             ... on level 6 of the Dungeon.
             The game lasted 00:33:44 (6876 turns).

RepoMan the Geomancer (Naga Earth Elementalist)     Turns: 6876, Time: 00:33:45

Health: -3/73      AC:  8    Str: 12    XL:     9   Next: 26%
Magic:  6/13       EV:  9    Int: 19    God:    Wu Jian [*.....]
Gold:   336        SH:  0    Dex: 11    Spells: 3/13 levels left

rFire   . . .      SeeInvis +   q - +2 dagger (elec)
rCold   + . .      Faith    .   (no shield)
rNeg    . . .      Spirit   .   v - +2 leather armour {rC+}
rPois   +          Reflect  .   o - +1 helmet
rElec   .          Harm     .   (no cloak)
rCorr   .          Rampage  .   (no gloves)
Will    +....                   (no barding)
Stlth   ++........              (no amulet)
HPRegen 0.22/turn               (no ring)
MPRegen 0.13/turn               (no ring)

@: about to teleport, attractive, very slow
A: AC +3, large, see invisible, deformed body, poison resistance, slowness 2,
spit poison 1, naga tail 1
a: Spit Poison, Renounce Religion


You were on level 6 of the Dungeon.
You worshipped Wu Jian.
Wu Jian was aware of your devotion.
You visited 2 branches of the dungeon, and saw 8 of its levels.

You collected 336 gold pieces.

Inventory:

Hand Weapons
 b - a +0 executioner's axe
 q - a +2 dagger of electrocution (weapon)
Missiles
 c - a throwing net
 w - 8 stones
Armour
 f - an orb of guile
 o - a +1 helmet (worn)
 v - a +2 leather armour of cold resistance (worn)
Magical Staves
 l - a staff of fire
Scrolls
 e - a scroll of enchant armour
 g - a scroll of vulnerability
 m - a scroll of identify
 n - a scroll of amnesia {unknown}
 u - a scroll of fog {unknown}
Potions
 a - 2 potions of brilliance {unknown}
 d - 2 potions of degeneration {unknown}
 i - a potion of haste {unknown}
 j - a potion of ambrosia {unknown}
 k - a potion of heal wounds {unknown}
 p - a potion of might {unknown}
 r - 2 potions of attraction
 s - a potion of magic {unknown}
 t - a potion of lignification {unknown}


   Skills:
 + Level 2.1 Fighting
 - Level 1.5 Dodging
 - Level 3.0 Stealth
 + Level 2.9 Spellcasting
 + Level 6.5 Transmutations
 * Level 9.8 Earth Magic


You had 3 spell levels left.
You knew the following spells:

 Your Spells              Type           Power      Damage    Failure   Level
a - Stone Arrow           Conj/Erth      42%        3d9       8%          3
p - Petrify               Tmut/Erth      34%        N/A       7%          4
s - Sandblast             Erth           80%        2d17      1%          1
W - Passwall              Tmut/Erth      28%        N/A       1%          2

Your spell library contained the following spells:

 Spells                   Type           Power      Damage    Failure   Level
 Call Canine Familiar     Summ           2%         N/A       52%         3
 Portal Projectile        Hex/Tloc       4%         N/A       52%         3
 Leda's Liquefaction      Hex/Erth       10%        N/A       26%         4


Dungeon Overview and Level Annotations

Branches:
Dungeon (7/15)             Temple (1/1) D:5

Altars:
Ashenzari
Elyvilon
Fedhas
Gozag
Hepliaklqana
Kikubaaqudgha
Makhleb
Nemelex Xobeh
Okawaru
Qazlal
Ru
Sif Muna
Uskayaw
Wu Jian
Xom

Shops:
D:3 :[


Innate Abilities, Weirdness & Mutations

Your serpentine skin is tough. (AC +3)
You have supernaturally acute eyesight. (SInv)
Armour fits poorly on your strangely shaped body.
Your system is resistant to poisons. (rPois)
You cover ground very slowly.
You can spit poison.
You have a snake-like lower body.


Message History

The killer bee stings you.
Unknown command.
You strike the helpless killer bee from behind!
You puncture the killer bee!
You kill the killer bee!
The Council accepts your kill.
You feel sick.
Unknown command.
You feel sick.
You feel sick.
You feel sick.
You are no longer poisoned.
There is a stone staircase leading up here.
You climb upwards.
The yak bellows! x3
The yak gores you but does no damage.
There is a stone staircase leading down here.
Okay, then.
Unknown command.
Okay, then.
Unknown command.
Unknown command.
Unknown command.
Unknown command.
As you read the scroll labelled EHUAKUQOEB, it crumbles to dust.
It is a scroll of identify.
g - a scroll of vulnerability The yak gores you! x2
* * * LOW HITPOINT WARNING * * *
It was a potion of attraction.
You feel attractive to monsters.
The yak closely misses you. x2; The yak is attracted toward you.
Okay, then.
Unknown command.
As you read the scroll labelled WEEFOU YCYLANU, it crumbles to dust.
You feel strangely unstable.
It was a scroll of teleportation.
The yak gores you!
* * * LOW HITPOINT WARNING * * *
The yak gores you!
You die...

▒▒▒..▒▒...Y.Y..▒▒.▒
▒.▒ ..▒
▒▒▒.▒.▒▒▒▒.▒▒▒▒.▒▒▒
..▒
▒▒.▒.▒▒▒▒.▒......▒
...
..▒......▒.▒▒.▒.▒
▒▒▒▒.▒▒▒ ▒
▒.....▒▒▒.▒▒.▒.▒
...▒.. ▒.▒.....▒
▒<▒▒.. ▒ ......
...§....▒ ▒.▒▒▒..
...▒ ▒...YY▒ ▒.▒
..▒ ▒▒▒▒ ▒...Y@▒
▒.. ..▒ ▒▒▒▒▒▒▒ ▒..
... ▒.▒▒ ▒.▒ ▒.▒
▒▒▒▒


You could see 3 yaks.

Vanquished Creatures
  Prince Ribbit (D:6)
  Eustachio (D:6)
  A water moccasin (D:5)
  A hornet zombie (D:7)
  A necrophage (D:5)
  A black bear (D:6)
  A sky beast (D:5)
  A centaur (D:7)
  2 scorpions
  2 killer bees (D:7)
  4 wights (D:7)
  A centaur zombie (D:6)
  2 bullfrog skeletons
  A gnoll shaman (D:7)
  A jelly (D:5)
  5 hounds
  5 iguanas
  A centaur skeleton (D:6)
  2 orc wizards (D:4)
  A killer bee zombie (D:3)
  A hound zombie (D:5)
  2 howler monkey zombies
  7 gnolls
  A howler monkey skeleton (D:6)
  7 adders
  A shadow imp (D:7)
  An ufetubus (D:7)
  2 worms
  7 orcs
  9 ball pythons
  6 bats
  20 endoplasms
  5 giant cockroaches
  7 goblins
  3 hobgoblins
  7 jackals
  5 quokkas
  5 frilled lizards
  6 kobolds
  4 rats
141 creatures vanquished.

Notes
Turn   | Place    | Note
-------+----------+-------------------------------------------
     0 | D:1      | RepoMan the Naga Earth Elementalist began the quest for the
                  | Orb.
     0 | D:1      | Reached XP level 1. HP: 15/15 MP: 3/3
   155 | D:1      | Reached XP level 2. HP: 22/22 MP: 5/5
   158 | D:1      | Learned a level 2 spell: Passwall
   491 | D:1      | Reached XP level 3. HP: 28/28 MP: 2/6
   903 | D:1      | Reached skill level 4 in Earth Magic
  1261 | D:2      | Found a sparkling altar of Nemelex Xobeh.
  1318 | D:2      | Identified the +0 ring mail of the Thinker {-Cast rElec
                  | rCorr Dex+3}
  1433 | D:2      | Reached XP level 4. HP: 36/36 MP: 5/7
  1644 | D:2      | Found a faded altar of an unknown god.
  2290 | D:3      | Reached XP level 5. HP: 42/42 MP: 8/8
  2296 | D:3      | Learned a level 3 spell: Stone Arrow
  2357 | D:3      | Found Oniv's Book Emporium.
  2457 | D:3      | Reached skill level 5 in Earth Magic
  2489 | D:3      | Found Baene's Antique Armour Emporium.
  2752 | D:3      | Found a burning altar of Makhleb.
  3243 | D:4      | Reached XP level 6. HP: 49/49 MP: 5/9
  3593 | D:4      | Reached skill level 6 in Earth Magic
  3836 | D:5      | Entered Level 5 of the Dungeon
  3836 | D:5      | Found a staircase to the Ecumenical Temple.
  3845 | Temple   | Entered the Ecumenical Temple
  3868 | Temple   | Became a worshipper of the Wu Jian Council
  4039 | D:5      | Noticed a water moccasin
  4059 | D:5      | Killed a water moccasin
  4060 | D:5      | Reached XP level 7. HP: 55/55 MP: 4/10
  4197 | D:5      | Found a sacrificial altar of Ru.
  4365 | D:5      | Reached skill level 7 in Earth Magic
  4759 | D:5      | Reached skill level 5 in Transmutations
  4759 | D:5      | Reached XP level 8. HP: 62/62 MP: 4/11
  4764 | D:5      | Learned a level 4 spell: Petrify
  5090 | D:6      | Noticed a yak
  5090 | D:6      | Noticed a yak
  5091 | D:6      | Noticed a yak
  5146 | D:6      | Noticed Prince Ribbit
  5155 | D:6      | Killed Prince Ribbit
  5156 | D:6      | Reached skill level 8 in Earth Magic
  5257 | D:6      | Noticed Eustachio
  5265 | D:6      | Killed Eustachio
  5345 | D:6      | Found an ancient bone altar of Kikubaaqudgha.
  5355 | D:6      | Reached skill level 9 in Earth Magic
  5474 | D:6      | Reached * piety under Wu Jian
  5693 | D:7      | Reached skill level 1 in Fighting
  5824 | D:7      | Reached XP level 9. HP: 70/70 MP: 8/12
  6876 | D:6      | Slain by a yak

Illustrated notes

Levels and vault maps discovered:
D:1:      mrwooster_arrival_statue, layout_loops_corners
D:2:      layout_basic, basic_altar, hellmonk_ecumenical_altar_heavens_door,
          st_stairs_7, grunt_decor_junction, chequers_avenue
D:3:      layout_rooms, lightli_temple_of_fire, serial_shops,
          nicolae_shop_waterfront, nicolae_shop_hallway_stairs
D:4:      layout_basic
D:5:      layout_basic, mainiacjoe_overflow_brackets, minmay_temple_entry_mist
D:6:      layout_loops_cross, kennysheep_little_box, gammafunk_ghost_cemetery,
          nrook_campfire, kennysheep_windowed_goal, uniq_prince_ribbit1,
          uniq_eustachio
D:7:      layout_basic
Temple:   regret_index_temple_mists

Skill      XL: |  1  2  3  4  5  6  7  8  9 |
---------------+----------------------------+-----
Earth Magic    | 4 5 6 7 9 |  9.8
Transmutations | 2 3 4 5 6 |  6.5
Fighting       | 1 2 |  2.1
Dodging        | |  1.5
Stealth        | |  3.0
Spellcasting   | |  2.9

Action                   |  1- 3 |  4- 6 |  7- 9 || total
-------------------------+-------+-------+-------++-------
Melee: Dagger            |    10 |    34 |    38 ||    82
Throw: Stone             |       |     1 |       ||     1
       Throwing net      |       |       |     2 ||     2
 Cast: Sandblast         |    28 |    63 |    38 ||   129
       Passwall          |       |     1 |       ||     1
       Stone Arrow       |       |     2 |    32 ||    34
       Petrify           |       |       |     7 ||     7
Invok: Lunge             |       |       |     3 ||     3
 Abil: Spit Poison       |    34 |    52 |    24 ||   110
  Use: Scroll            |       |       |     3 ||     3
       Potion            |       |       |     1 ||     1
 Stab: Petrified         |       |       |     6 ||     6
       Petrifying        |       |       |     1 ||     1
Armor: Robe              |     3 |     6 |     1 ||    10
       Leather armour    |       |       |    18 ||    18
Dodge: Dodged            |     2 |    25 |    27 ||    54
